 Dungeon Crawl Stone Soup version bcrawl-1.13 (webtiles) character file.

Game seed: 8210149406612090906

33 Camlann the Sneak (level 3, 25/27 HPs)
             Began as a Demonspawn Archaeologist on July 28, 2019.
             Quit the game on level 2 of the Dungeon.
             The game lasted 00:01:56 (1017 turns).

Camlann the Sneak (Demonspawn Archaeologist)        Turns: 1017, Time: 00:01:56

Health: 25/27      AC:  6    Str: 12    XL:     3   Next: 12%
Magic:  3/3        EV: 12    Int: 15    God:
Gold:   185        SH:  0    Dex: 11    Spells: 2/2 levels left

rFire    . . .     SeeInvis .   a - +0 whip
rCold    . . .     Gourm    .   (no shield)
rNeg     + . .     Faith    .   b - +1 robe
rPois    .         Spirit   .   c - +1 hat
rElec    .         Reflect  .   (no cloak)
rCorr    +         Harm     .   (no gloves)
MR       .....                  d - +1 pair of boots
Stlth    ++........             (no amulet)
HPRegen  0.09/turn              p - ring of resist corrosion
MPRegen  0.08/turn              r - ring of positive energy

@: studying Slings
A: claws 1, rot immunity
a: no special abilities


You were on level 2 of the Dungeon.
You were hungry.

You visited 1 branch of the dungeon, and saw 2 of its levels.

You collected 185 gold pieces.


Innate Abilities, Weirdness & Mutations

You have sharp fingernails.
You are immune to rotting.


   Skills:
 - Level 2.1 Fighting
 - Level 0.8 Maces & Flails
 - Level 2.6 Dodging
 - Level 3.0 Stealth
 + Level 1.8 Unarmed Combat


You had 2 spell levels left.
You didn't know any spells.
Your spell library was empty.

Dungeon Overview and Level Annotations

Branches:
Dungeon (2/12)

Altars:

Inventory:

Hand Weapons
 a - a +0 whip (weapon)
Missiles
 q - 112 javelins of penetration (quivered)
Armour
 b - a +1 robe (worn)
 c - a +1 hat (worn)
 d - a +1 pair of boots (worn)
Jewellery
 p - a ring of resist corrosion (left claw)
   (You found it on level 1 of the Dungeon)
 r - a ring of positive energy (right claw)
   (You found it on level 2 of the Dungeon)
Scrolls
 h - 2 scrolls of remove curse {!r, unknown}
 j - a scroll of fear {!r, unknown}
 k - a scroll of identify {!r, unknown}
 l - a scroll of enchant weapon {!r, unknown}
 s - a scroll of immolation {!r, unknown}
Potions
 i - a potion of agility {!q, unknown}
 m - 2 potions of lignification {!q, unknown}
 n - a potion of mutation {!q, unknown}
 o - 2 potions of curing {!q, unknown}
Books
 e - a manual of Slings
Miscellaneous
 f - an ancient crate
Comestibles
 g - 4 rations {!d}

#.... #....##.#.....
####....###....##.#.....
...............##.#.....
.........##....##.#.....
........................
...........#...##.######
$..........# #..#
........<#.# ##.##
...#..6##.# #..#
######.# ##.## #.# #..#
#.# #.## #.###.# #.....#
#######


There were no monsters in sight!


Message History

No target in view!
No target in view!
No target in view!
No target in view!
No target in view!
No target in view!
No target in view!
No target in view!
The goblin is too close now for your liking.
You see here 5 gold pieces.
You barely miss the goblin. The goblin hits you but does no damage.
You closely miss the goblin. The goblin barely misses you.
You hit the goblin.
You kill the goblin!
All of the chunks of flesh in your inventory have rotted away.
No target in view!
No target in view!
No target in view!
No target in view!
No target in view!
No target in view!
No target in view!
No target in view!
You now have 185 gold pieces (gained 5).
o - 2 bubbling red potions {!q}
h - 2 scrolls labeled OSUYS YT NAIH {!r} (gained 1)
Found a scroll labeled CUDUIZIOWA.
s - a scroll labeled CUDUIZIOWA {!r} An adder comes into view.
Found a stone staircase leading up.
You closely miss the adder. The adder misses you.
You barely miss the adder. The adder misses you. The adder closely misses you.
You closely miss the adder. The adder bites you but does no damage.
You hit the adder.
The adder is lightly wounded.
The adder bites you. The adder bites you but does no damage.
You closely miss the adder.
The adder is lightly wounded.
The adder closely misses you.
You hit the adder but do no damage.
The adder is lightly wounded.
The adder bites you but does no damage.
You hit the adder. Your claw misses the adder.
The adder is moderately wounded.
The adder bites you.
You closely miss the adder.
The adder is moderately wounded.
The adder closely misses you. The adder misses you.
You hit the adder.
The adder is heavily wounded.
The adder bites you.
* * * LOW HITPOINT WARNING * * *
You are too injured to fight recklessly!
You are too injured to fight recklessly!
You are too injured to fight recklessly!
You are too injured to fight recklessly!
An adder is nearby!
You hit the adder.
You kill the adder!
You have reached level 3!
Your experience leads to an increase in your attributes!
Increase (S)trength, (I)ntelligence, or (D)exterity?
You feel stronger.
Your demonic ancestry asserts itself...
You feel immune to rotting.
You have an epiphany!
The dusty tome is a manual of Slings!
Reading it may be key to unlocking the crate...
You start resting.
You are feeling hungry.
There is a stone staircase leading up here.
Found 7 gold pieces.
Are you sure you want to abandon this character and quit the game? (Confirm with "yes".)

Action                   || total
-------------------------++-------
Melee: Whip              ||   112
Throw: Javelin           ||     4
 Stab: Sleeping          ||     1
Armor: Robe              ||    52
Dodge: Dodged            ||    92

Levels and vault maps discovered:
D:1:      elethiomel_arrival_quiet, layout_rooms
D:2:      layout_rooms, cheibriados_altar_1, uniq_crazy_yiuf_cottage

Notes
Turn   | Place    | Note
-------+----------+-------------------------------------------
     0 | D:1      | Camlann the Demonspawn Archaeologist began the quest for
                  | the Orb.
     0 | D:1      | Reached XP level 1. HP: 15/15 MP: 1/1
    71 | D:1      | Reached skill level 2 in Fighting
    71 | D:1      | Gained mutation: You have sharp fingernails. [demonic
                  | ancestry]
    71 | D:1      | Reached XP level 2. HP: 7/22 MP: 2/2
   105 | D:1      | HP: 5/22 [bat (1)]
   117 | D:1      | HP: 5/22 [kobold (1)]
   581 | D:1      | Reached skill level 1 in Unarmed Combat
   891 | D:2      | Gained mutation: You are immune to rotting. [demonic
                  | ancestry]
   891 | D:2      | Reached XP level 3. HP: 13/27 MP: 3/3
  1017 | D:2      | Quit the game

Vanquished Creatures
  An adder (D:2)
  A dart slug (D:1)
  A leopard gecko (D:1)
  2 giant cockroaches
  2 goblins (D:2)
  3 hobgoblins (D:1)
  A quokka (D:1)
  5 bats
  A frilled lizard (D:1)
  2 kobolds
  2 rats
21 creatures vanquished.
